 Dungeon Crawl Stone Soup version 0.22.0-38-g04b72b8c25 (webtiles) character file.

847 Kreyzy the Insei (level 8, -3/51 HPs)
             Began as a Gargoyle Monk on Aug 28, 2018.
             Was a Believer of Ru.
             Killed by nerve-wracking pain
             ... invoked by an orc priest
              (6 damage)
             ... on level 6 of the Dungeon.
             The game lasted 00:12:07 (4880 turns).

Kreyzy the Insei (Gargoyle Monk)                    Turns: 4880, Time: 00:12:07

Health: -3/51      AC: 10    Str: 14    XL:     8   Next: 0%
Magic:  9/9        EV: 14    Int: 12    God:    Ru [**....]
Gold:   303        SH:  0    Dex: 14    Spells: 7/7 levels left

rFire    . . .     SeeInvis .     - Unarmed
rCold    . . .     Gourm    .   (no shield)
rNeg     + . .     Faith    .   q - +0 leather armour
rPois    ∞         Spirit   .   r - +0 helmet
rElec    +         Reflect  .   A - +0 cloak
rCorr    .         Harm     .   (no gloves)
MR       .....                  (no boots)
Stlth    ++........             y - amulet of regeneration
HPRegen  0.57/turn              s - ring of protection from cold
MPRegen  0.11/turn              k - ring of protection from fire

@: no status effects
A: negative energy resistance 1, electricity resistance, unbreathing,
petrification resistance, rot immunity, temperature sensitive, AC +5
a: Renounce Religion


You were on level 6 of the Dungeon.
You worshipped Ru.
Ru was pleased with you.
You were very hungry.

You visited 2 branches of the dungeon, and saw 7 of its levels.

You collected 303 gold pieces.

Inventory:

Armour
 q - a +0 leather armour (worn)
 r - a +0 helmet (worn)
 A - a +0 cloak (worn)
Jewellery
 e - an uncursed ring of positive energy
 h - an uncursed ring of magical power
 k - a ring of protection from fire (right hand)
 s - a ring of protection from cold (left hand)
 y - an amulet of regeneration (around neck)
 z - an uncursed ring of wizardry {unknown}
Wands
 t - a wand of digging (15)
Scrolls
 a - 2 scrolls of amnesia
 d - 2 scrolls of remove curse
 f - 2 scrolls of fear {unknown}
 m - a scroll of magic mapping {unknown}
 n - 5 scrolls of identify {unknown}
 v - a scroll of noise {unknown}
 w - a scroll of blinking {unknown}
 x - a scroll of random uselessness {unknown}
Potions
 c - a potion of brilliance {unknown}
 g - a potion of magic {unknown}
 i - a potion of heal wounds {unknown}
 j - a potion of flight {unknown}
 l - 2 potions of agility {unknown}
 o - 2 potions of curing {unknown}
 p - a potion of might {unknown}
 u - a potion of degeneration {unknown}
 B - 2 potions of mutation {unknown}
 D - a potion of resistance {unknown}
 E - a potion of haste {unknown}
Comestibles
 b - 9 rations


   Skills:
 + Level 5.9 Fighting
 + Level 4.4 Dodging
 - Level 2.1 Stealth
 * Level 6.2 Unarmed Combat
 + Level 1.9 Evocations


You had 7 spell levels left.
You didn't know any spells.
Your spell library contained the following spells:

 Spells                   Type           Power        Failure   Level  Hunger
 Animate Skeleton         Necr           N/A          38%         1    ##.....
 Apportation              Tloc           #.....       38%         1    ##.....
 Confusing Touch          Hex            #.....       38%         1    ##.....
 Summon Small Mammal      Summ           #...         38%         1    ##.....


Dungeon Overview and Level Annotations

Branches:
Dungeon (6/15)             Temple (1/1) D:4

Altars:
Ashenzari
Cheibriados
Dithmenos
Elyvilon
Fedhas
Gozag
Hepliaklqana
Kikubaaqudgha
Makhleb
Nemelex Xobeh
Okawaru
Ru
Sif Muna
Trog
Vehumet
Xom
Yredelemnul
The Shining One

Shops:
D:4 [   D:5 :


Innate Abilities, Weirdness & Mutations

You are resistant to torment.
Your stone body is resilient. (AC +5)
You are immune to poison.
You resist negative energy. (rN+)
You are resistant to electric shocks. (rElec)
You can survive without breathing.
You are immune to petrification.
You are immune to rotting.
You are sensitive to extremes of temperature. (rF-, rC-)


Message History

You hit the orc priest but do no damage.
The orc priest is severely wounded.
The orc priest looks satisfied for a moment.
You hit the orc priest but do no damage.
The orc priest is severely wounded.
Something hits you but does no damage.
The orc priest miscasts a cantrip.
You hit the orc priest but do no damage.
The orc priest is severely wounded.
You redirect something's attack!
Something hits the orc priest but does no damage.
The orc priest mumbles some strange prayers to Beogh against you.
Beogh smites you!
* * * LOW HITPOINT WARNING * * *
You barely miss the orc priest.
The orc priest is severely wounded.
Something barely misses you.
The orc priest calls down the wrath of Beogh upon you.
Pain shoots through your body!
You die...

########### #<........#
#.#.(...#.# #.#.###.#.#
#.#.......# #.#.###...#
####### #.#o......#
#...... #.#@{.<...#
#...[..###.#.####..#####
#........#.#<..........#
#......#.#.#####...###.#
#......#.#.....#.......#
#......#.#####.#o#.#####
......o..o...o.>.#.....#
.....###.#####.#.#####.#
... #.......#...# #.#


You could see an orc priest.

Vanquished Creatures
  An orc warrior (D:5)
  A necrophage (D:6)
  A phantom (D:4)
  A bullfrog (D:6)
  A scorpion (D:2)
  2 orc priests (D:5)
  A bullfrog skeleton (D:4)
  A centaur skeleton (D:4)
  3 hounds
  An iguana (D:5)
  A worker ant (D:5)
  An orc wizard (D:5)
  A hound skeleton (D:6)
  2 gnolls (D:6)
  7 adders
  A shadow imp (D:6)
  An adder skeleton (D:4)
  2 worms
  A dart slug (D:3)
  3 leopard geckos
  6 orcs
  3 ball pythons
  8 bats
  5 giant cockroaches
  10 goblins
  6 hobgoblins
  3 jackals
  5 kobolds
  A quokka (D:5)
  9 frilled lizards
  A jackal zombie (D:5)
  A leopard gecko zombie (D:5)
  10 rats
101 creatures vanquished.

Vanquished Creatures (others)
  An ogre (D:5)
1 creature vanquished.

Grand Total: 102 creatures vanquished

Notes
Turn   | Place    | Note
-------+----------+-------------------------------------------
     0 | D:1      | Kreyzy the Gargoyle Monk began the quest for the Orb.
     0 | D:1      | Reached XP level 1. HP: 14/14 MP: 1/1
   247 | D:1      | Reached XP level 2. HP: 19/19 MP: 2/2
   651 | D:1      | Found a glowing golden altar of the Shining One.
  1103 | D:2      | Reached XP level 3. HP: 21/24 MP: 3/3
  1505 | D:2      | Noticed a scorpion
  1534 | D:2      | Killed a scorpion
  1534 | D:2      | Reached XP level 4. HP: 26/29 MP: 4/4
  2192 | D:3      | Reached skill level 4 in Unarmed Combat
  2222 | D:3      | Reached XP level 5. HP: 34/34 MP: 5/5
  2681 | D:4      | Noticed a phantom
  3121 | D:4      | Reached XP level 6. HP: 33/40 MP: 6/6
  3407 | D:4      | Killed a phantom
  3407 | D:4      | Reached skill level 5 in Fighting
  3407 | D:4      | Reached skill level 5 in Unarmed Combat
  3600 | D:4      | Found Figas's Antique Armour Shop.
  3672 | D:4      | Found a staircase to the Ecumenical Temple.
  3695 | Temple   | Entered the Ecumenical Temple
  3936 | D:5      | Entered Level 5 of the Dungeon
  4043 | D:5      | Found an iron altar of Okawaru.
  4043 | D:5      | Found a sacrificial altar of Ru.
  4043 | D:5      | Found a bloodstained altar of Trog.
  4044 | D:5      | Found a sparkling altar of Nemelex Xobeh.
  4044 | D:5      | Found a blossoming altar of Fedhas.
  4046 | D:5      | Found a shadowy altar of Dithmenos.
  4047 | D:5      | Found an ancient bone altar of Kikubaaqudgha.
  4054 | D:5      | Became a worshipper of Ru the Awakened
  4057 | D:5      | Found Toasul's Book Shoppe.
  4078 | D:5      | Gained mutation: You are sensitive to extremes of temperature. (rF-, rC-) [Ru sacrifice]
  4078 | D:5      | Reached * piety under Ru
  4078 | D:5      | Reached ** piety under Ru
  4209 | D:5      | Reached XP level 7. HP: 23/44 MP: 7/7
  4374 | D:5      | Reached skill level 1 in Evocations
  4427 | D:5      | Found a radiant altar of Vehumet.
  4631 | D:6      | Reached skill level 6 in Unarmed Combat
  4841 | D:5      | Reached XP level 8. HP: 29/51 MP: 9/9
  4880 | D:6      | Killed from afar by an orc priest

Skill      XL: |  1  2  3  4  5  6  7 |
---------------+----------------------+-----
Fighting       | 4 5 |  5.9
Dodging        | 3 4 |  4.4
Unarmed Combat | 4 5 6 |  6.2
Evocations     | 1 |  1.9
Stealth        | |  2.1

Action                   |  1- 3 |  4- 6 |  7- 9 || total
-------------------------+-------+-------+-------++-------
Melee: Unarmed           |   159 |   259 |   146 ||   564
       Punch             |       |     5 |     6 ||    11
Invok: Sacrifice Resista |       |     1 |       ||     1
  Use: Scroll            |       |     2 |       ||     2
 Stab: Sleeping          |     2 |     4 |       ||     6
       Invisible         |       |       |     2 ||     2
       Distracted        |       |       |     1 ||     1
  Eat: Chunk             |     2 |     9 |     1 ||    12
Armor: Robe              |    69 |    33 |       ||   102
       Leather armour    |       |    48 |    71 ||   119
Dodge: Dodged            |   124 |   192 |    81 ||   397
